 Dungeon Crawl Stone Soup version 0.26-a0-812-g31a745ddcd (webtiles) character file.

Game seed: 5821187827322492740

144 Dracia the Ruffian (level 5, -4/40 HPs)
             Began as a Draconian Transmuter on Nov 30, 2020.
             Slain by Sigmund
             ... wielding a +1 scythe of venom
              (7 damage)
             ... on level 3 of the Dungeon.
             The game lasted 00:05:29 (2599 turns).

Dracia the Ruffian (Draconian Transmuter)           Turns: 2599, Time: 00:05:29

Health: -4/40      AC:  5    Str: 11 (12) XL:     5   Next: 5%
Magic:  6/8        EV: 12    Int: 13 (15) God:
Gold:   111        SH:  0    Dex:  8 (11) Spells: 2/8 levels left

rFire    + . .     SeeInvis .     - Unarmed
rCold    . . .     Faith    .   (no shield)
rNeg     . . .     Spirit   .   (armour unavailable)
rPois    .         Reflect  .   (helmet currently unavailable)
rElec    .         Harm     .   (no cloak)
rCorr    .         Rampage  .   (no gloves)
MR       .....                  (boots currently unavailable)
Stlth    +.........             (no amulet)
HPRegen  0.13/turn              c - ring of protection from fire
MPRegen  0.11/turn              (no ring)

@: brilliant, lethally poisoned (-4 -> -25), appendages (expiring)
A: unfitting armour, horns 2, talons 2, cold-blooded, AC +5
a: End Transformation


You were on level 3 of the Dungeon.
You had grown temporary horns.
You had grown temporary talons.
You visited 1 branch of the dungeon, and saw 3 of its levels.

You collected 111 gold pieces.


Innate Abilities, Weirdness & Mutations

Your plain brown scales are hard. (AC +5)
You cannot fit into any form of body armour.
You are cold-blooded and may be slowed by cold attacks.
You have a pair of horns on your head.
You have razor-sharp toenails.


   Skills:
 - Level 1.1 Fighting
 - Level 1.7 Dodging
 + Level 4.6 Unarmed Combat
 - Level 2.0 Spellcasting
 + Level 3.9 Transmutations


You had 2 spell levels left.
You knew the following spells:

 Your Spells              Type           Power        Failure   Level
a - Beastly Appendage     Tmut           ###...       4%          1
b - Wereblood             Tmut           ###.....     8%          2
c - Spider Form           Tmut/Pois      #.........   34%         3

Your spell library contained the following spells:

 Spells                   Type           Power        Failure   Level
 Magic Dart               Conj           #...         26%         1
 Blink                    Tloc           N/A          36%         2
 Call Imp                 Summ           #.......     36%         2
 Slow                     Hex            #.......     36%         2
 Conjure Flame            Conj/Fire      #.......     58%         3
 Mephitic Cloud           Conj/Pois/Air  #.......     58%         3
 Ice Form                 Ice/Tmut       #.......     75%         4
 Blade Hands              Tmut           ###.......   80%         5

Inventory:

Jewellery
 c - a ring of protection from fire (left hand)
Scrolls
 a - a scroll of fog {unknown}
 b - 2 scrolls of identify {unknown}
 e - a scroll of immolation {unknown}
 f - 2 scrolls of remove curse {unknown}
 h - a scroll of random uselessness {unknown}
 i - a scroll of amnesia {unknown}
Potions
 g - a potion of brilliance

Dungeon Overview and Level Annotations

Branches:
Dungeon (3/15)

Altars:

Annotations:
D:3 Sigmund

.........# .........
......... .........
........#### ...........
.. .....w@..# ##..
.......@.# ###...
.........##### ##.....
........)†...###...##
....$.....##.#......#
........#...........####
#......####.##......#...
#.###.# #.###.........
#. #. #.......##(... ##
######.†......


You could see Sigmund and a dart slug.


Message History

Sigmund barely misses you.
It was a potion of cancellation.
Your magical effects are unravelling.
You feel magically purged.
Your horns disappear.
Your talons disappear.
You feel less confused.
You feel sick.
Casting: Beastly Appendage (safe; 4% risk of failure)
Confirm with . or Enter, or press ? or * to list all spells.
You grow a pair of large bovine horns.
Your feet morph into talons.
Sigmund hits you with a +1 scythe of venom!
You are more poisoned.
You closely miss Sigmund.
Sigmund is moderately wounded.
You feel sick.
You hit Sigmund. You claw Sigmund.
Sigmund is heavily wounded.
Your transformation is almost over.
You feel sick.
Sigmund hits you with a +1 scythe of venom!
* * * LOW HITPOINT WARNING * * *
You are lethally poisoned!
It was a potion of brilliance.
You feel clever all of a sudden.
* * * LOW HITPOINT WARNING * * *
You feel sick. The dart slug launches a dart at you. The slug dart hits you.
* * * LOW HITPOINT WARNING * * *
Sigmund hits you with a +1 scythe of venom!
You die...

Skill      XL: |  1  2  3 |
---------------+----------+-----
Transmutations | 3 |  3.9
Unarmed Combat | 4 |  4.6
Fighting       | |  1.1
Dodging        | |  1.7
Spellcasting   | |  2.0

Action                   |  1- 3 |  4- 6 || total
-------------------------+-------+-------++-------
Melee: Unarmed           |   117 |    73 ||   190
       Tailslap          |    14 |     5 ||    19
       Kick              |    10 |    14 ||    24
       Punch             |     1 |       ||     1
       Headbutt          |     7 |    10 ||    17
 Cast: Beastly Appendage |     7 |    12 ||    19
       Wereblood         |     2 |     1 ||     3
  Use: Potion            |       |     3 ||     3
Armor: Skin              |    39 |    16 ||    55
Dodge: Dodged            |    63 |    61 ||   124

Levels and vault maps discovered:
D:1:      minmay_arrival_diagonal_passages, layout_basic
D:2:      layout_loops_ring, chequers_ecumenical_altar_simple_redux
D:3:      layout_rooms, elyvilon_altar_3,
          nicolae_gozag_cash_rules_everything_around_me,
          lemuel_coloured_pillars_altar, tgw_trog, goddamned_bats, uniq_grinder,
          uniq_sigmund

Notes
Turn   | Place    | Note
-------+----------+-------------------------------------------
     0 | D:1      | Dracia the Draconian Transmuter began the quest for the
                  | Orb.
     0 | D:1      | Reached XP level 1. HP: 16/16 MP: 3/3
   163 | D:1      | Reached XP level 2. HP: 23/23 MP: 5/5
   167 | D:1      | Learned a level 2 spell: Wereblood
   525 | D:1      | Reached XP level 3. HP: 22/28 MP: 2/6
   600 | D:1      | Reached skill level 3 in Transmutations
  1192 | D:2      | Learned a level 3 spell: Spider Form
  1210 | D:2      | Reached skill level 4 in Unarmed Combat
  1258 | D:2      | Reached XP level 4. HP: 23/35 MP: 5/7
  1262 | D:2      | Found a faded altar of an unknown god.
  2587 | D:3      | Reached XP level 5. HP: 40/40 MP: 6/8
  2588 | D:3      | Noticed Sigmund
  2599 | D:3      | HP: 3/40 [dart slug/slug dart (5)]
  2599 | D:3      | Slain by Sigmund

Vanquished Creatures
  4 adders
  3 gnolls (D:3)
  2 oozes
  3 worms (D:2)
  6 dart slugs
  A leopard gecko (D:1)
  A ball python (D:1)
  2 giant cockroaches (D:1)
  6 hobgoblins
  8 kobolds
  A quokka (D:2)
  5 bats
  5 frilled lizards
  4 goblins
  3 rats (D:1)
54 creatures vanquished.

Table legend: (Time is in decaauts)
 A = Elapsed time spent in this place.
 B = Non-inter-level travel time spent in this place.
 C = Inter-level travel time spent in this place.
 D = Time resting spent in this place.
 E = Time spent auto-exploring this place.
 F = Levels seen in this place.
 G = Mean time per level.
                   A        B        C        D        E       F      G
               +--------+--------+--------+--------+--------+-----+--------+
         Total |   2584 |   2522 |     62 |      0 |   2105 |   3 |  861.3 |
       Dungeon |   2584 |   2522 |     62 |      0 |   2105 |   3 |  861.3 |
               +--------+--------+--------+--------+--------+-----+--------+

Top non-repeatable levels by time:
     D:2: 1360 daAuts
     D:1: 947 daAuts
     D:3: 276 daAuts

Table legend:
 A = Non-vault XP
 B = Vault XP
 C = Vault XP percentage of total XP
 D = Non-vault monster count
 E = Vault monster count
 F = Vault count percentage of total count
                 A         B        C        D         E       F
            +---------+---------+-------+---------+---------+-------
      Total |     207 |       0 |   0.0 |      54 |       0 |   0.0
            +---------+---------+-------+---------+---------+-------
        D:1 |      60 |       0 |   0.0 |      28 |       0 |   0.0
        D:2 |      80 |       0 |   0.0 |      18 |       0 |   0.0
        D:3 |      67 |       0 |   0.0 |       8 |       0 |   0.0
            +---------+---------+-------+---------+---------+-------
